 Dungeon Crawl Stone Soup version 0.15-a0-429-gf5d7e11 (webtiles) character file.

859 4tharraofdagon the Chopper (level 7, -11/66 HPs)
             Began as a Naga Berserker on May 6, 2014.
             Was a Believer of Trog.
             Mangled by KINGBONG's ghost (22 damage)
             ... on Level 10 of the Dungeon.
             The game lasted 00:06:05 (1062 turns).

4tharraofdagon the Chopper (Naga Berserker)         Turns: 1062, Time: 00:06:05

HP -11/66        AC  7     Str 22      XL: 7   Next: 71%
MP   0/7         EV  5     Int 11      God: Trog [**....]
Gold 136         SH  0     Dex 10      Spells:  0 memorised,  6 levels left

rFire  . . .     SeeInvis +     a - +0 hand axe
rCold  . . .     Clarity  .     q - +0 chain mail
rNeg   . . .     Conserve .     (no shield)
rPois  +         rCorr    .     (no helmet)
rElec  .         rRot     .     (no cloak)
SustAb . .       Spirit   +     (no gloves)
rMut   .         Warding  .     (no barding)
Saprov . . .     Stasis   .     t - amulet of guardian spirit
MR     ++...                    (no ring)
                                j - +4 ring of intelligence

@: regenerating, very slow, very resistant to hostile enchantments, extremely
unstealthy
A: spit poison, see invisible, deformed body, poison resistance, slowness 2, AC
+2
a: Spit Poison, Burn Spellbooks, Berserk, Trog's Hand, Renounce Religion


You were on level 10 of the Dungeon.
You worshipped Trog.
Trog was pleased with you.
You were not hungry.

You visited 1 branch of the dungeon, and saw 10 of its levels.

You collected 136 gold pieces.

Inventory:

Hand weapons
 a - a +0,+0 hand axe (weapon)
 u - a +0,+0 hand axe of electrocution
 x - a +0,+2 glaive
Missiles
 f - 2 steel javelins (quivered)
 s - 2 curare-tipped needles
Armour
 b - a +0 animal skin
 g - a +0 ring mail
 q - a +0 chain mail (worn)
 w - a +0 robe of fire resistance
Comestibles
 c - a bread ration
 d - 2 meat rations
 m - a chunk of killer bee flesh
Scrolls
 e - 2 scrolls of recharging {unknown}
 h - a scroll of fog
 i - 5 scrolls of identify {unknown}
 k - 3 scrolls of immolation {unknown}
 l - a scroll of random uselessness {unknown}
 p - 2 scrolls of teleportation {unknown}
 v - a scroll of noise {unknown}
Jewellery
 j - a +4 ring of intelligence (left hand)
 n - an uncursed amulet of resist mutation
 t - an amulet of guardian spirit (around neck)


   Skills:
 + Level 4.6 Fighting
 * Level 6.3 Axes
 + Level 2.1 Throwing
 + Level 3.6 Armour
 - Level 1.5 Dodging


You had 6 spell levels left.
You didn't know any spells.

Dungeon Overview and Level Annotations

Branches:
Dungeon (10/15)
 Temple: D:4-7          Orc: D:9-12        Lair: D:8-11

Altars:
Okawaru

Annotations:
D:10 KINGBONG's ghost, experienced OgBe


Innate Abilities, Weirdness & Mutations

You cannot wear boots.
You can spit poison.
Your serpentine skin is tough (AC +2).
You have supernaturally acute eyesight.
Armour fits poorly on your strangely shaped body.
Your system is resistant to poisons.
You cover ground very slowly.


Message History

Unknown command.
KINGBONG's ghost (experienced Ogre Berserker) comes into view.
KINGBONG's ghost turns its malevolent gaze towards you.
KINGBONG's ghost crushes a nearby insect and laughs.
KINGBONG's ghost says, "Crushing you to a pulp will hurt a lot.
After that?
Painless!
I promise!"
KINGBONG's ghost hits you but does no damage.
KINGBONG's ghost hits you!
Ouch! That really hurt!
* * * LOW HITPOINT WARNING * * *
Unknown command.
Use which ability? (? or * to list)
Your skin crawls.
You feel resistant to hostile enchantments.
You feel slightly more hungry. KINGBONG's ghost barely misses you.
Unknown command.
Read which item? (? for menu, Esc to quit)
As you read the scroll labeled FOFOKH HEN REPT, it crumbles to dust.
The scroll dissolves into smoke.
It was a scroll of fog.
KINGBONG's ghost hits you!
You die...

''####
#...#
...#
#...#
...#
#...#
...#
#...#
...#
#...#
...#
#...#
...#
#§..#
...#
#§§§#
..##
#@§§#
.
#W§.#
#§§.#
....#
##..#
''#
...
.... .


You could see KINGBONG's ghost.

Vanquished Creatures
  9 killer bees
  2 iguanas
  A hound (D:6)
  An orc priest (D:5)
  3 orc wizards
  2 worker ants
  4 gnolls (D:4)
  An adder (D:4)
  An inept item mimic (D:6)
  A worm (D:4)
  2 giant geckos
  8 orcs
  2 giant cockroaches
  3 hobgoblins
  4 goblins
  5 kobolds
  3 rats (D:2)
52 creatures vanquished.

Notes
Turn   | Place    | Note
--------------------------------------------------------------
     0 | D:1      | 4tharraofdagon, the Naga Berserker, began the quest for the Orb.
     0 | D:1      | Reached XP level 1. HP: 21/21 MP: 1/1
     7 | D:1      | You fall through a shaft!
   161 | D:3      | Noticed an orc wizard
   166 | D:3      | Reached XP level 2. HP: 28/28 MP: 2/2
   173 | D:3      | Killed an orc wizard
   173 | D:3      | Reached XP level 3. HP: 29/34 MP: 3/3
   175 | D:3      | Acquired Trog's second power
   194 | D:3      | Found an iron altar of Okawaru.
   301 | D:4      | Reached XP level 4. HP: 42/42 MP: 4/4
   304 | D:4      | Reached skill level 4 in Axes
   365 | D:4      | Reached XP level 5. HP: 35/50 MP: 5/5
   423 | D:5      | Entered Level 5 of the Dungeon
   437 | D:5      | Reached XP level 6. HP: 38/57 MP: 6/6
   573 | D:4      | Reached skill level 5 in Axes
   723 | D:6      | Reached skill level 1 in Throwing
   751 | D:6      | You fall through a shaft for 2 floors!
   868 | D:9      | Reached XP level 7. HP: 9/64 MP: 1/7
   950 | D:10     | Entered Level 10 of the Dungeon
   962 | D:10     | Reached skill level 6 in Axes
  1058 | D:10     | Noticed KINGBONG's ghost (experienced OgBe)
  1062 | D:10     | Mangled by KINGBONG's ghost

Action                   |  1- 3 |  4- 6 |  7- 9 || total
-------------------------+-------+-------+-------++-------
Melee: Hand axe          |    30 |   104 |    22 ||   156
Throw: Javelin           |       |     2 |       ||     2
Invok: Berserk           |     2 |     2 |     1 ||     5
       Trog's Hand       |       |     3 |     3 ||     6
 Abil: Spit Poison       |       |     5 |       ||     5
  Use: Potion            |     1 |       |     3 ||     4
       Scroll            |       |       |     1 ||     1

Vault maps used:
D:1:      minmay_arrival_hallway
D:3:      lemuel_round_altar, minmay_bat_box
D:5:      lemuel_coloured_pillars_altar, first_bread, uniq_edmund
D:6:      minmay_temple_entry_glassed_door, minmay_item_behind_shaft
D:7:      old_standard_altar, overflow_temple_1_default, minivault_1
D:10:     basic_altar, serial_shops, kennysheep_little_box
